 Dungeon Crawl Stone Soup version 0.25-a0-566-g062765be81 (webtiles) character file.

Game seed: 6668002829931662404, levelgen mode: classic

54688 EnegeticOcto the Pandemonic (level 14, 0/136 HPs)
             Began as a Deep Dwarf Fighter on Feb 27, 2020.
             Was a High Priest of Makhleb.
             Slain by a 20-headed hydra (5 damage)
             ... on level 3 of the Lair of Beasts.
             The game lasted 00:10:52 (11489 turns).

EnegeticOcto the Pandemonic (Deep Dwarf Fighter)   Turns: 11489, Time: 00:10:52

Health: 0/136      AC: 18    Str: 28    XL:     14   Next: 35%
Magic:  2/2        EV: 11    Int: 11    God:    Makhleb [*****.]
Gold:   1352       SH: 16    Dex: 12    Spells: 13/13 levels left

rFire    . . .     SeeInvis .   h - +3 war axe
rCold    . . .     Gourm    .   c - +0 kite shield
rNeg     + . .     Faith    .   C - +0 plate armour
rPois    .         Spirit   .   (no helmet)
rElec    .         Reflect  +   g - +0 cloak
rCorr    +         Harm     .   l - +1 pair of gloves
MR       ++...                  (no boots)
Stlth    ..........             b - +3 amulet of reflection
HPRegen  0.00/turn              r - ring of resist corrosion
MPRegen  0.08/turn              E - +3 ring of strength

@: non-regenerating
A: damage resistance, heal wounds, clever 1, negative energy resistance 1, sense
surroundings 2, no regeneration
a: Heal Wounds, Minor Destruction, Lesser Servant of Makhleb, Major Destruction,
Greater Servant of Makhleb, Renounce Religion


You were on level 3 of the Lair of Beasts.
You worshipped Makhleb.
Makhleb was extremely pleased with you.
You were hungry.

You visited 3 branches of the dungeon, and saw 19 of its levels.
You also visited: Ice Cave.

You collected 1808 gold pieces.
You spent 456 gold pieces at shops.

Inventory:

Hand Weapons
 a - a +0 broad axe
 h - a +3 war axe (weapon)
Armour
 c - a +0 kite shield (worn)
 g - a +0 cloak (worn)
 l - a +1 pair of gloves (worn)
 C - a +0 plate armour (worn)
Jewellery
 b - a +3 amulet of reflection (around neck)
 r - a ring of resist corrosion (left hand)
 E - a +3 ring of strength (right hand)
Wands
 u - a wand of polymorph (6)
 A - a wand of iceblast (17)
 B - a wand of scattershot (1)
 H - a wand of acid (1) {@v1}
 I - a wand of clouds (8)
 J - a wand of paralysis (10)
 K - a wand of flame (15)
Scrolls
 f - 4 scrolls of enchant armour
 o - a scroll of blinking {@r3}
 s - 2 scrolls of magic mapping {@r5}
 v - 4 scrolls of remove curse {@r6}
 x - a scroll of fog
 y - 6 scrolls of teleportation {@r2}
 F - 2 scrolls of immolation {@r4}
 G - 2 scrolls of fear
 M - 2 scrolls of identify {@r1}
 N - a scroll of torment {unknown}
Potions
 d - a potion of lignification {@q7}
 i - 5 potions of flight
 j - 2 potions of stabbing {@q5}
 k - 3 potions of might {@q3}
 m - 4 potions of curing {@q1}
 n - a potion of haste {@q4}
 p - 5 potions of berserk rage
 t - 2 potions of magic
 w - a potion of ambrosia
 z - a potion of heal wounds {@q2}
 D - 3 potions of cancellation
 L - a potion of invisibility
Comestibles
 e - 29 rations
 q - 3 chunks of flesh


   Skills:
 * Level 11.7 Fighting
 * Level 13.4 Axes
 + Level 10.4 Armour
 + Level 9.7 Dodging
 + Level 10.2 Shields
 * Level 13.6 Invocations


You had 13 spell levels left.
You didn't know any spells.
Your spell library was empty.

Dungeon Overview and Level Annotations

Branches:
Dungeon (15/15)            Temple (1/1) D:6            Lair (3/6) D:8
    Orc (0/2) D:10         Vaults (0/5) D:13         Depths (0/5) D:15
  IceCv (visited)
  Swamp: Lair:2-4    Shoals: Lair:2-4     Snake: Lair:2-4    Spider: Lair:2-4

Altars:
Ashenzari
Dithmenos
Elyvilon
Fedhas
Gozag
Hepliaklqana
Kikubaaqudgha
Makhleb
Nemelex Xobeh
Okawaru
Qazlal
Ru
Sif Muna
Trog
Uskayaw
Vehumet
Wu Jian
Xom
Yredelemnul
Zin
The Shining One

Shops:
D:9 (   D:10 :*([

Portals:
Abyss: Lair:3

Annotations:
D:3 1 runed translucent door, Crazy Yiuf
Lair:3 2 transporters, exclusion: oklob plant, Wiebster667's ghost, journeyman OpFi


Innate Abilities, Weirdness & Mutations

You are resistant to damage.
You can heal yourself by infusing magical energy.
You resist negative energy. (rN+)
You passively map the area around you.
You do not regenerate.
Your mind is acute. (Int +2)


Message History

* * * LOW HITPOINT WARNING * * *
The 20-headed hydra bites you!
* * * LOW HITPOINT WARNING * * *
You feel much better. You block the blink frog's attack.
The blink frog closely misses your ynoxinul.
You block the blink frog's attack.
The blink frog blinks!
You block the bullfrog's attack. You block the blink frog's attack.
The blink frog hits your ynoxinul but does no damage.
The 20-headed hydra bites you.
* * * LOW HITPOINT WARNING * * *
The 20-headed hydra bites you but does no damage.
You block the 20-headed hydra's attack. x2; The 20-headed hydra bites you. x2
* * * LOW HITPOINT WARNING * * *
The 20-headed hydra barely misses you. The 20-headed hydra misses you.
The 20-headed hydra bites you but does no damage. x3
The 20-headed hydra barely misses you. The 20-headed hydra closely misses you.
The 20-headed hydra bites you.
* * * LOW HITPOINT WARNING * * *
The 20-headed hydra bites you!
* * * LOW HITPOINT WARNING * * *
The 20-headed hydra bites you but does no damage.
The 20-headed hydra bites you!
* * * LOW HITPOINT WARNING * * *
The 20-headed hydra bites you but does no damage.
The 20-headed hydra barely misses you. x2; Your ynoxinul hits the blink frog.
You feel much better. The blink frog hits you.
* * * LOW HITPOINT WARNING * * *
The blink frog blinks!
The bullfrog hits you but does no damage.
The blink frog barely misses you.
The blink frog completely misses your ynoxinul.
You block the 20-headed hydra's attack.
The 20-headed hydra bites you but does no damage.
The 20-headed hydra misses you.
You block the 20-headed hydra's attack. x2
The 20-headed hydra barely misses you.
The 20-headed hydra completely misses you.
The 20-headed hydra barely misses you.
The 20-headed hydra bites you but does no damage.
The 20-headed hydra bites you!
* * * LOW HITPOINT WARNING * * *
The 20-headed hydra bites you.
* * * LOW HITPOINT WARNING * * *
You block the 20-headed hydra's attack.
The 20-headed hydra bites you but does no damage.
The 20-headed hydra barely misses you. The 20-headed hydra bites you!
* * * LOW HITPOINT WARNING * * *
The 20-headed hydra closely misses you. The 20-headed hydra bites you.
The 20-headed hydra misses you.
The 20-headed hydra bites you but does no damage. x2
Your ynoxinul gestures at the blink frog.
The iron shot hits the blink frog!!
The blink frog dies!
Makhleb accepts your kill.
Your magical essence is drained by the effort!
You feel much better. The bullfrog barely misses you.
The blink frog barely misses you. You block the bullfrog's attack.
The 20-headed hydra bites you but does no damage.
You block the 20-headed hydra's attack. x2
The 20-headed hydra bites you but does no damage. x2
The 20-headed hydra bites you!
* * * LOW HITPOINT WARNING * * *
You block the 20-headed hydra's attack. The 20-headed hydra closely misses you.
The 20-headed hydra bites you.
* * * LOW HITPOINT WARNING * * *
The 20-headed hydra bites you but does no damage.
The 20-headed hydra bites you.
* * * LOW HITPOINT WARNING * * *
The 20-headed hydra closely misses you. The 20-headed hydra bites you.
You block the 20-headed hydra's attack.
The 20-headed hydra completely misses you.
The 20-headed hydra bites you but does no damage.
The 20-headed hydra bites you.
The 20-headed hydra bites you but does no damage. x2
You block the 20-headed hydra's attack.
The blink frog hits you but does no damage.
Your ynoxinul closely misses the bullfrog.
A demon appears!
The bullfrog completely misses you. The blink frog closely misses you.
The 20-headed hydra bites you but does no damage.
You block the 20-headed hydra's attack.
The 20-headed hydra bites you but does no damage.
The 20-headed hydra misses you. The 20-headed hydra bites you.
* * * LOW HITPOINT WARNING * * *
The 20-headed hydra bites you!
* * * LOW HITPOINT WARNING * * *
You block the 20-headed hydra's attack.
The 20-headed hydra bites you but does no damage.
The 20-headed hydra misses you. The 20-headed hydra bites you!
* * * LOW HITPOINT WARNING * * *
The 20-headed hydra bites you but does no damage.
You block the 20-headed hydra's attack.
The 20-headed hydra bites you but does no damage. x2
The 20-headed hydra bites you!
* * * LOW HITPOINT WARNING * * *
The 20-headed hydra closely misses you.
The 20-headed hydra bites you but does no damage.
The 20-headed hydra bites you. x2
* * * LOW HITPOINT WARNING * * *
The 20-headed hydra bites you!
You die...

#........, ..
* #........
##........,,
, ,
#......... ,
,,
##..##..##**
, ##...##.#*
#* *
#.$4.#*.P#P#
#.F.P# ,...#
, ,
#P@..##....#
,
##DF%F.....#
*
*#.3.##...P##
,* #.#†.#
#...# *
#.#F.#, ....#
, * # ....,
..... ,
##.... .....
, #.... ....
, ,
#.....,,....,
,


You could see a 20-headed hydra, 3 blink frogs, a bullfrog, a friendly orange
demon and a friendly ynoxinul.

Vanquished Creatures
  Jorgrun (D:14)
  Kirke (D:12)
  A rakshasa (D:15)
  A vault guard (D:13)
  An ogre mage (D:15)
  5 two-headed ogres
  2 centaur warriors
  2 unseen horrors
  3 wizards (D:13)
  Pikel (D:8)
  A deep elf mage (D:12)
  A manticore (shapeshifter) (D:15)
  7 ugly things
  A cyclops (D:12)
  3 manticores
  2 ice statues (IceCv)
  A gargoyle (D:10)
  2 spiny frogs
  Maggie (D:7)
  3 rime drakes
  2 ice devils (D:11)
  A kobold demonologist (D:14)
  An efreet (D:15)
  A polar bear (D:11)
  4 trolls
  A tyrant leech (shapeshifter) (D:15)
  A hornet (D:10)
  4 blink frogs (Lair:3)
  12 slime creatures
  4 centaur simulacra (D:11)
  Sigmund (D:2)
  2 shadows
  22 yaks
  5 hogs
  A wyvern (D:11)
  Eustachio (D:4)
  Grum (D:9)
  18 humans
  2 basilisks
  3 hungry ghosts
  3 vampire mosquitoes (D:14)
  A naga (shapeshifter) (D:15)
  3 water moccasins
  8 porcupines
  9 orc warriors
  A porcupine (shapeshifter) (D:15)
  6 sky beasts
  20 ice beasts
  3 phantoms
  3 necrophages
  An eye of draining (D:14)
  9 ogres
  4 wolves (D:9)
  3 boggarts (D:15)
  17 centaurs
  9 crocodiles
  A big kobold (D:10)
  17 bullfrogs
  2 wyvern zombies
  6 scorpions
  A water moccasin skeleton (D:9)
  17 killer bees
  2 howler monkeys
  11 crimson imps
  3 centaur zombies
  A bullfrog zombie (D:6)
  2 jellies
  A quasit (D:8)
  8 hounds
  8 centaur skeletons
  5 orc priests
  3 bullfrog skeletons
  13 orc wizards
  5 iguanas
  12 worker ants
  A hound zombie (D:7)
  15 adders
  2 gnolls
  7 shadow imps
  2 white imps (D:11)
  A worker ant simulacrum (D:11)
  An ufetubus (D:11)
  2 oozes (D:5)
  An adder skeleton (D:5)
  An adder zombie (D:5)
  5 worms
  2 dart slugs
  3 leopard geckos
  45 orcs
  3 ball pythons
  4 bats
  6 giant cockroaches
  2 goblins (D:3)
  5 hobgoblins
  12 jackals
  12 kobolds
  5 quokkas
  5 frilled lizards
  A leopard gecko skeleton (D:4)
  3 rats
  A butterfly (Lair:1)
  A fungus (D:8)
  A plant (D:8)
494 creatures vanquished.

Vanquished Creatures (collateral kills)
  Fannar (D:12)
  2 ice dragons (IceCv)
  2 hydras
  A cyclops (D:12)
  3 ugly things
  A black mamba (shapeshifter) (D:15)
  A centaur zombie (D:12)
  A komodo dragon (D:14)
  A centaur skeleton (D:12)
  A blink frog (Lair:3)
  4 slime creatures (D:12)
  2 hippogriffs
  3 humans (D:13)
  A vampire mosquito (D:14)
  2 acid dragons
  3 orc warriors
  A boggart (D:15)
  A wyvern skeleton (D:12)
  A crimson imp (D:12)
  A bullfrog skeleton (D:12)
  A worker ant (D:12)
  An orc (D:14)
35 creatures vanquished.

Vanquished Creatures (others)
  5 dream sheep (D:13)
  3 centaurs
  A crimson imp (D:12)
  2 orcs
  17 fungi (D:8)
  2 plants
30 creatures vanquished.

Grand Total: 559 creatures vanquished

Notes
Turn   | Place    | Note
-------+----------+-------------------------------------------
     0 | D:1      | EnegeticOcto the Deep Dwarf Fighter began the quest for the
                  | Orb.
     0 | D:1      | Reached XP level 1. HP: 20/20 MP: 1/1
    96 | D:2      | Reached XP level 2. HP: 20/27 MP: 2/2
   106 | D:2      | Noticed Sigmund
   118 | D:2      | Killed Sigmund
   118 | D:2      | Reached skill level 1 in Dodging
   118 | D:2      | Reached XP level 3. HP: 30/34 MP: 3/3
   118 | D:2      | Reached XP level 4. HP: 38/43 MP: 4/4
   118 | D:2      | Reached XP level 5. HP: 43/49 MP: 5/5
   379 | D:3      | Reached XP level 6. HP: 57/57 MP: 6/6
   431 | D:4      | Noticed Eustachio
   456 | D:4      | Killed Eustachio
   522 | D:4      | Found a glowing silver altar of Zin.
   561 | D:4      | Reached XP level 7. HP: 48/66 MP: 7/7
   680 | D:4      | Found a white marble altar of Elyvilon.
   817 | D:4      | Reached skill level 5 in Axes
  1008 | D:5      | Entered Level 5 of the Dungeon
  1101 | D:5      | Reached skill level 5 in Fighting
  1400 | D:5      | Reached skill level 5 in Armour
  1426 | D:5      | Reached skill level 5 in Shields
  1427 | D:5      | Reached XP level 8. HP: 43/74 MP: 7/7
  1904 | D:6      | Found a staircase to the Ecumenical Temple.
  1991 | Temple   | Entered the Ecumenical Temple
  2205 | D:6      | Found a stormy altar of Qazlal.
  2291 | D:6      | Found a sparkling altar of Nemelex Xobeh.
  2395 | D:6      | Gained mutation: You passively map the area around you.
                  | [Deep Dwarf growth]
  2395 | D:6      | Reached XP level 9. HP: 70/84 MP: 6/6
  2655 | D:3      | Found a runed translucent door.
  2656 | D:3      | Noticed Crazy Yiuf
  2730 | D:3      | Found a hide-covered altar of Uskayaw.
  2730 | D:3      | Found a burning altar of Makhleb.
  2733 | D:3      | Became a worshipper of Makhleb the Destroyer
  2864 | D:7      | Reached skill level 1 in Invocations
  2990 | D:7      | Noticed a manticore
  3013 | D:7      | Killed a manticore
  3013 | D:7      | Reached skill level 5 in Dodging
  3104 | D:7      | Noticed Maggie
  3126 | D:7      | Killed Maggie
  3193 | D:7      | Reached * piety under Makhleb
  3462 | D:7      | Reached XP level 10. HP: 43/94 MP: 10/10
  3788 | D:7      | Reached skill level 5 in Invocations
  3795 | D:7      | Found an ornate altar of the Wu Jian Council.
  4114 | D:8      | Found a staircase to the Lair.
  4211 | D:8      | Noticed a two-headed ogre
  4221 | D:8      | Killed a two-headed ogre
  4321 | D:8      | Noticed Pikel
  4339 | D:8      | Killed Pikel
  4518 | D:8      | Reached ** piety under Makhleb
  5006 | D:9      | Found Hoto Zuv's Weapon Shoppe.
  5046 | D:9      | Found a radiant altar of Vehumet.
  5200 | D:9      | Noticed Grum
  5217 | D:9      | Killed Grum
  5240 | D:9      | Reached XP level 11. HP: 90/104 MP: 11/11
  5241 | D:9      | Gained mutation: Your mind is acute. (Int +2) [potion of
                  | mutation]
  5559 | D:10     | Entered Level 10 of the Dungeon
  5616 | D:10     | Found a staircase to the Orcish Mines.
  5632 | D:10     | Reached *** piety under Makhleb
  5746 | D:10     | Found Cisut's Book Shoppe.
  5778 | D:10     | Found Cuteup's Assorted Antiques.
  5926 | D:10     | Found Liweupe's Antique Armour Shop.
  5934 | D:10     | Reached skill level 10 in Axes
  6006 | D:10     | Found Cuonwin's Antique Weapon Boutique.
  6187 | D:10     | Bought a pair of faintly glowing gloves for 228 gold pieces
  6187 | D:10     | Bought a pitted chain mail for 228 gold pieces
  6197 | D:10     | Identified the cursed -6 pair of gloves of Articulation
                  | {rPois Dex+3} (You bought it in a shop on level 10 of the
                  | Dungeon)
  6207 | D:10     | Identified the +1 chain mail of the Spheres {MR+} (You
                  | bought it in a shop on level 10 of the Dungeon)
  6363 | D:11     | Noticed a cyan ugly thing
  6376 | D:11     | Killed a cyan ugly thing
  6620 | D:11     | Killed an unseen horror
  6719 | D:11     | Found a frozen archway.
  6748 | D:11     | Reached **** piety under Makhleb
  6754 | IceCv    | Entered an ice cave
  6901 | IceCv    | Noticed an ice dragon
  6913 | IceCv    | Noticed an ice dragon
  6919 | IceCv    | Killed an ice dragon
  6919 | IceCv    | Reached XP level 12. HP: 58/115 MP: 8/8
  6933 | IceCv    | Killed an ice dragon
  7213 | D:11     | Reached skill level 10 in Invocations
  7271 | D:11     | Noticed a six-headed hydra
  7300 | D:11     | Killed a 14-headed hydra
  7687 | D:12     | Reached skill level 10 in Fighting
  7697 | D:12     | Noticed Fannar
  7717 | D:12     | Killed Fannar
  7917 | D:12     | Noticed Kirke
  7928 | D:12     | Killed Kirke
  7953 | D:12     | Noticed a five-headed hydra
  7972 | D:12     | Killed an 11-headed hydra
  8037 | D:12     | Reached XP level 13. HP: 116/124 MP: 4/4
  8413 | D:13     | Reached ***** piety under Makhleb
  8595 | D:13     | Found a shimmering altar of Xom.
  8858 | D:13     | Found a gate to the Vaults.
  8983 | D:13     | You fall into a shaft and drop 2 floors!
  8983 | D:15     | Entered Level 15 of the Dungeon
  9064 | D:15     | Noticed a spark wasp
  9064 | D:15     | a queen ant changed into a spark wasp
  9065 | D:15     | Noticed an ettin
  9065 | D:15     | a spark wasp changed into an ettin
  9066 | D:15     | an ettin changed into an eight-headed hydra
  9091 | D:15     | Found a staircase to the Depths.
  9474 | D:15     | Reached skill level 10 in Armour
  9624 | D:14     | Gained mutation: You resist negative energy. (rN+) [Deep
                  | Dwarf growth]
  9624 | D:14     | Reached XP level 14. HP: 116/135 MP: 4/4
  9669 | D:14     | Reached skill level 10 in Shields
  9697 | D:14     | Noticed Jorgrun
  9721 | D:14     | Killed Jorgrun
 10169 | D:14     | You fall into a shaft and drop 1 floor!
 10360 | Lair:1   | Entered Level 1 of the Lair of Beasts
 11156 | Lair:3   | Found a transporter.
 11161 | Lair:3   | Noticed Wiebster667's ghost (journeyman OpFi)
 11206 | Lair:3   | Found a one-way gate to the infinite horrors of the Abyss.
 11221 | Lair:3   | Found a transporter.
 11246 | Lair:3   | Identified the +5 spear "Kexkoih" {distort, *Rage rElec
                  | Str+7 Stlth+}
 11489 | Lair:3   | HP: 5/136 [20-headed hydra (2)]
 11489 | Lair:3   | Slain by a 20-headed hydra

Levels and vault maps discovered:
D:1:      minmay_arrival_jagged, layout_loops_cross, minmay_misc_feat_doors
D:2:      layout_loops_ring, minmay_tromino_v7, uniq_sigmund, uniq_natasha
D:3:      layout_rooms, overflow_temple_1_default,
          gammafunk_temple_overflow_elements, serial_rivers,
          chequers_serial_rivers_micro_c, chequers_serial_rivers_large_a,
          chequers_serial_rivers_micro_a, chequers_serial_rivers_micro_b,
          chequers_serial_rivers_micro_e, first_ration, st_stairs_11,
          uniq_crazy_yiuf_cottage, uniq_jessica, uniq_robin
D:4:      layout_rooms, kennysheep_mini, lemuel_doored_altar, uniq_eustachio
D:5:      minmay_chambers_of_threes, layout_basic
D:6:      layout_cave_pools, grunt_qazlal_clouds,
          nemelex_xobeh_ov_fountains_minmay, temple_statues,
          minmay_manual_macuahuitl
D:7:      cheibrodos_quashed, layout_basic, kennysheep_little_box,
          grunt_livestock, minmay_manual_mandibuliform, uniq_maggie
D:8:      layout_loops_ring, due_lair_maze_entry_diamond, uniq_pikel
D:9:      layout_loops_cross, vehumet_crystals, serial_shops,
          nicolae_shop_waterfront, uniq_grum
D:10:     layout_cave_pools, orc_0_dummy, serial_shops, shop, shop, shop,
          nicolae_shop_overgrown_old_shop, minmay_circle_x
D:11:     layout_irregular_city, serial_ice, serial_ice_d, serial_ice_h,
          serial_ice_f, serial_ice_g, portal_ice_cave_demonic_guard
D:12:     layout_irregular_city, uniq_fannar, uniq_kirke
D:13:     layout_basic, grunt_vaults_entry_tiered, kb_xom_exploding_sheep
D:14:     layout_roguey [special_room_orc], ebering_dispersal_statue_hall,
          uniq_jorgrun, uniq_rupert
D:15:     gammafunk_enter_depths_forms, layout_basic, corexii_leaking_fountain
Temple:   nicolae_temple_figure_eight
Lair:1:   layout_misc_corridors, lemuel_fruit_fields, grunt_megastairs_1
Lair:2:   layout_regular_city
Lair:3:   layout_regular_city, enter_volcano_4, gammafunk_ghost_abyssal_escape,
          serial_bayou_shore_b, minmay_lair_oklob_chamber, grunt_megastairs_4

Skill      XL: |  1  2  3  4  5  6  7  8  9 10 11 12 13 14 |
---------------+-------------------------------------------+-----
Fighting       | 3 4 5 6 7 8 9 10 11 | 11.7
Axes           | 3 4 5 7 8 9 10 11 13 | 13.4
Dodging        | 1 2 3 4 5 6 7 8 9 |  9.7
Armour         | 4 5 6 7 8 9 10 | 10.4
Shields        | 4 5 6 7 8 9 10 | 10.2
Invocations    | 4 7 9 11 13 | 13.6

Action                   |  1- 3 |  4- 6 |  7- 9 | 10-12 | 13-15 || total
-------------------------+-------+-------+-------+-------+-------++-------
Melee: War axe           |    30 |   127 |   429 |   845 |   636 ||  2067
Invok: Lesser Servant of |       |       |       |     8 |    11 ||    19
 Abil: Heal Wounds       |     1 |     1 |    15 |    43 |    16 ||    76
Evoke: Wand              |       |       |       |     2 |       ||     2
  Use: Potion            |       |       |     1 |     2 |       ||     3
       Scroll            |       |       |       |    23 |     3 ||    26
 Stab: Distracted        |       |       |       |     1 |     5 ||     6
  Eat: Chunk             |       |       |    10 |    17 |    12 ||    39
       Ration            |       |       |       |     1 |       ||     1
Armor: Scale mail        |    30 |    44 |   111 |       |       ||   185
       Chain mail        |       |       |   104 |   190 |       ||   294
       Plate armour      |       |       |       |   362 |   364 ||   726
Dodge: Dodged            |    18 |    52 |   183 |   328 |   292 ||   873
Block: Kite shield       |    25 |    77 |   299 |   785 |   517 ||  1703
       Reflection        |       |       |       |    37 |    19 ||    56

Table legend:
 A = Non-vault XP
 B = Vault XP
 C = Vault XP percentage of total XP
 D = Non-vault monster count
 E = Vault monster count
 F = Vault count percentage of total count
                 A         B        C        D         E       F
            +---------+---------+-------+---------+---------+-------
      Total |   49400 |   28727 |  36.8 |     376 |     155 |  29.2
            +---------+---------+-------+---------+---------+-------
        D:1 |       6 |       0 |   0.0 |       3 |       0 |   0.0
        D:2 |      23 |     212 |  90.2 |      10 |       1 |   9.1
        D:3 |     183 |       9 |   4.7 |      28 |       3 |   9.7
        D:4 |     459 |     191 |  29.4 |      24 |       1 |   4.0
        D:5 |     342 |     378 |  52.5 |      16 |       9 |  36.0
        D:6 |     817 |     281 |  25.6 |      25 |       4 |  13.8
        D:7 |     876 |    2073 |  70.3 |      17 |      13 |  43.3
        D:8 |    1724 |    1580 |  47.8 |      16 |       9 |  36.0
        D:9 |    1254 |     651 |  34.2 |      16 |       5 |  23.8
       D:10 |    2299 |     523 |  18.5 |      36 |       7 |  16.3
       D:11 |    5428 |    2071 |  27.6 |      44 |      13 |  22.8
       D:12 |    9667 |    2495 |  20.5 |      44 |       3 |   6.4
       D:13 |    6136 |    6433 |  51.2 |      20 |      25 |  55.6
       D:14 |    8780 |    3445 |  28.2 |      33 |      27 |  45.0
       D:15 |    7205 |    2500 |  25.8 |      20 |      11 |  35.5
     Lair:1 |    1009 |       0 |   0.0 |       6 |       0 |   0.0
     Lair:2 |    1251 |       0 |   0.0 |       8 |       0 |   0.0
     Lair:3 |    1941 |     697 |  26.4 |      10 |       4 |  28.6
      IceCv |       0 |    5188 | 100.0 |       0 |      20 | 100.0
            +---------+---------+-------+---------+---------+-------
